 Dungeon Crawl Stone Soup version 0.27-a0-637-g3a9f0a9c12 (webtiles) character file.

Game seed: 4926263010153663375

46 EnegeticOcto the Twirler (level 3, -3/24 HPs)
             Began as a Halfling Gladiator on Mar 14, 2021.
             Slain by a bullfrog (5 damage)
             ... on level 5 of the Dungeon.
             The game lasted 00:01:40 (428 turns).

EnegeticOcto the Twirler (Halfling Gladiator)        Turns: 428, Time: 00:01:41

Health: -3/24      AC:  9    Str: 15    XL:     3   Next: 95%
Magic:  3/3        EV:  9    Int:  7    God:
Gold:   29         SH:  0    Dex: 15    Spells: 2/2 levels left

rFire    . . .     SeeInvis .   a - +0 quarterstaff
rCold    . . .     Faith    .   (shield currently unavailable)
rNeg     . . .     Spirit   .   g - +0 chain mail
rPois    .         Reflect  .   c - +0 helmet
rElec    .         Harm     .   (no cloak)
rCorr    .         Rampage  .   (no gloves)
Will     .....                  (no boots)
Stlth    ..........             (no amulet)
HPRegen  0.08/turn              (no ring)
MPRegen  0.08/turn              (no ring)

@: no status effects
A: small, no large weapons, mutation resistance 1
a: no special abilities


You were on level 5 of the Dungeon.
You visited 1 branch of the dungeon, and saw 5 of its levels.

You collected 29 gold pieces.

Inventory:

Hand Weapons
 a - a +0 quarterstaff (weapon)
Missiles
 d - 3 throwing nets (quivered) {!f}
 h - 10 poisoned darts
Armour
 b - a +0 leather armour
 c - a +0 helmet (worn)
 g - a +0 chain mail (worn)
   (You took it off an orc on level 3 of the Dungeon)
Scrolls
 f - a scroll of identify {unknown}
 i - a scroll of immolation {unknown}
 j - a scroll of amnesia {unknown}


   Skills:
 - Level 1.7 Fighting
 + Level 3.7 Staves
 - Level 2.0 Throwing
 - Level 3.2 Dodging


You had 2 spell levels left.
You didn't know any spells.
Your spell library was empty.

Dungeon Overview and Level Annotations

Branches:
Dungeon (5/15)
 Temple: D:4-7

Altars:
Hepliaklqana


Innate Abilities, Weirdness & Mutations

You are small and have problems with some larger weapons.
You are somewhat resistant to further mutation.


Message History

You swing at nothing.
You swing at nothing.
You swing at nothing.
You swing at nothing.
You swing at nothing.
You swing at nothing.
You swing at nothing.
You swing at nothing.
You swing at nothing.
You swing at nothing.
You swing at nothing.
You swing at nothing.
You swing at nothing.
You swing at nothing.
You swing at nothing.
You swing at nothing.
You swing at nothing.
You swing at nothing.
You swing at nothing.
You swing at nothing.
You swing at nothing.
You swing at nothing.
You swing at nothing.
You swing at nothing.
You swing at nothing.
You swing at nothing.
You swing at nothing.
You swing at nothing.
You swing at nothing.
You swing at nothing.
You swing at nothing.
You swing at nothing.
You swing at nothing.
You swing at nothing.
You swing at nothing.
You swing at nothing.
You swing at nothing.
You swing at nothing.
You swing at nothing.
You swing at nothing.
You swing at nothing.
You swing at nothing.
You swing at nothing.
You swing at nothing.
You swing at nothing.
You swing at nothing.
You swing at nothing.
You swing at nothing.
You swing at nothing.
You swing at nothing.
You swing at nothing.
You swing at nothing.
You swing at nothing.
You swing at nothing.
You swing at nothing.
You swing at nothing.
a - a +0 quarterstaff (weapon)
You see here 17 stones.
Found 11 stones.
A bullfrog comes into view.
The bullfrog gives a loud, deep croak!
A gnoll comes into view. It is wielding a +0 vorpal halberd.
A gnoll comes into view. It is wielding a +0 whip.
The gnoll shouts!
You hear a shout!
A gnoll comes into view. It is wielding a +0 whip.
The bullfrog hits you. The bullfrog closely misses you.
There is a stone staircase leading down here.
The bullfrog hits you but does no damage.
You climb downwards. 5 orcs come into view.
The orc shouts! x3; You hear an angry hiss.
You hear a bark!
Found 31 gold pieces, a scroll labelled AGIOSO KIBA and 23 stones.
There is a stone staircase leading up here.
You thump the bullfrog!
The bullfrog is heavily wounded.
The bullfrog hits you but does no damage.
A hound comes into view.
The bullfrog hits you. The orc misses you.
You are too injured to fight recklessly!
You are too injured to fight recklessly!
You hit the bullfrog.
The bullfrog is heavily wounded.
The bullfrog hits you but does no damage.
The orc barely misses you. The bullfrog closely misses you.
You sock the bullfrog!
The bullfrog is almost dead.
The bullfrog hits you. The orc hits you but does no damage.
You barely miss the bullfrog.
The bullfrog is almost dead.
The bullfrog hits you. The orc closely misses you. The bullfrog hits you.
* * * LOW HITPOINT WARNING * * *
The orc closely misses you.
You closely miss the bullfrog.
The bullfrog is almost dead.
The bullfrog hits you.
* * * LOW HITPOINT WARNING * * *
The hound bites you but does no damage. The orc barely misses you.
The bullfrog hits you.
You die...

#..........#
####..........#
.......?......#
.........$....#
..............#
..............#
.......ho.....#
#...@oo..$.#
#..ooF.....#
+..........#
#..........#
#$.........#
#..........#
...........#
#(...##.....#


You could see a bullfrog, a hound and 5 orcs.

Vanquished Creatures
  A worker ant (D:4)
  An adder (D:3)
  An adder skeleton (D:4)
  A leopard gecko (D:1)
  An orc (D:3)
  2 giant cockroaches (D:3)
  2 goblins
  A kobold (D:2)
  A rat (D:1)
11 creatures vanquished.

Vanquished Creatures (others)
  A plant (D:4)
1 creature vanquished.

Grand Total: 12 creatures vanquished

Notes
Turn   | Place    | Note
-------+----------+-------------------------------------------
     0 | D:1      | EnegeticOcto the Halfling Gladiator began the quest for the
                  | Orb.
     0 | D:1      | Reached XP level 1. HP: 14/14 MP: 1/1
   160 | D:3      | Reached skill level 3 in Staves
   160 | D:3      | Reached XP level 2. HP: 14/19 MP: 2/2
   168 | D:3      | Reached XP level 3. HP: 17/24 MP: 3/3
   249 | D:4      | Found a hazy altar of Hepliaklqana.
   412 | D:4      | Noticed a bullfrog
   423 | D:5      | Entered Level 5 of the Dungeon
   428 | D:5      | Slain by a bullfrog

Illustrated notes

Levels and vault maps discovered:
D:1:      dpeg_arrival_three_same_balls, layout_basic, wad_floor_pattern_2
D:2:      layout_loops_ring
D:3:      layout_basic, nicolae_overflow_crystal_walls
D:4:      layout_loops_cross, nicolae_hepliaklqana_hazy_memory, uniq_natasha,
          uniq_menkaure, uniq_edmund
D:5:      layout_gridville, nicolae_overflow_quartered_altars,
          minmay_temple_entry_slanted

Skill      XL: |  1 |
---------------+----+-----
Staves         | 3 |  3.7
Fighting       | |  1.7
Throwing       | |  2.0
Dodging        | |  3.2

Action                   || total
-------------------------++-------
Melee: Quarterstaff      ||    49
  Use: Potion            ||     1
Armor: Leather armour    ||     3
       Chain mail        ||    15
Dodge: Dodged            ||    32

Table legend: (Time is in decaauts)
 A = Elapsed time spent in this place.
 B = Non-inter-level travel time spent in this place.
 C = Inter-level travel time spent in this place.
 D = Time resting spent in this place.
 E = Time spent auto-exploring this place.
 F = Levels seen in this place.
 G = Mean time per level.
                   A        B        C        D        E       F      G
               +--------+--------+--------+--------+--------+-----+--------+
         Total |    501 |    494 |      7 |      0 |      0 |   5 |  100.2 |
       Dungeon |    501 |    494 |      7 |      0 |      0 |   5 |  100.2 |
               +--------+--------+--------+--------+--------+-----+--------+

Top non-repeatable levels by time:
     D:4: 265 daAuts
     D:3: 79 daAuts
     D:2: 79 daAuts
     D:1: 71 daAuts
     D:5: 5 daAuts
